[Event "Live Chess"]
[Site "Chess.com"]
[Date "2023.05.20"]
[Round "-"]
[White "vovanada"]
[Black "Lewstar1"]
[Result "0-1"]
[WhiteElo "811"]
[BlackElo "456"]
[TimeControl "300"]
[EndTime "12:03:04 PDT"]
[Termination "Lewstar1 won on time"]

1. d4 d5 2. Bf4 Nc6 3. e3 Bf5 4. Nf3 f6 5. c3 e6 6. Bd3 Nge7 7.
Bxf5 Nxf5 8. Nbd2 g6 9. Qb3 Rb8 10. c4 b5 11. cxb5 Na5 12. Qa4 Nb7 13. b6+ Qd7 14. Qxd7+ Kxd7 15. bxa7 Ra8 16. Nb3 Nbd6 17. Nc5+ Kc6 18. Nxe6 Bg7 19. Nxg7 Nxg7 20. Bxd6 Kxd6 21.
O-O Rxa7 22. a4 Rha8 23. b3 c5 24. dxc5+ Kxc5 25. Nd4 Nf5 26. Nb5 Ra5 27. Nc7 R8a7 28. Nb5 R7a6 29. Rfc1+ Kb4 30. Nc7 Rb6 31. Rd1 Kxb3 32.
Nxd5 Rba6 33. Nxf6 Rxf6 34. Rab1+ Kxa4 35. Ra1+ Kb4 36. Rxa5 Kxa5 37. e4 Nh6 38. f3 Rb6 39. h4 Rb2 40. Kh2 Nf7 41. Kh3 Ne5 42. f4 Nc4 43. g3 Nd2 44. Kg4 Nxe4 45. h5 Nf2+ 46. Kg5 Nxd1 47.
hxg6 hxg6 48. Kxg6 Rb6+ 49. Kg5 Rb5+ 50. f5 Rb4 51. g4 Rc4 52. f6 Ne3 53. Kh5 Rc5+ 54.
Kg6 Rc8 55. f7 Nd5 56. Kg7 Nc7 57. f8=Q Ne6+ 58. Kf7 Nxf8 59. Kf6 Rc4 60. g5 Rg4 61. g6 Nd7+ 62. Kf7 Ne5+ 63. Kf6 Nxg6 64. Kf5 Re4 65.
Kxg6 Rd4 66. Kf6 Rd1 67. Kf5 Rc1 68. Ke5 Rc2 69. Ke6 Ra2 70. Kf6 Ra3 71. Kf5 Rc3 72.
Kg4 Rc2 0-1

[Event "Live Chess"]
[Site "Chess.com"]
[Date "2023.05.20"]
[Round "-"]
[White "1600x"]
[Black "MaximKris"]
[Result "1-0"]
[WhiteElo "1711"]
[BlackElo "1877"]
[TimeControl "300"]
[EndTime "12:03:12 PDT"]
[Termination "1600x won by checkmate"]

1. e4 e5 2. Nf3 Nc6 3. h3 Bc5 4. Nc3 Nf6 5. Bc4 d6 6. O-O Be6 7. Bxe6 fxe6 8. d3 O-O 9. Na4 b5 10. Nxc5 dxc5 11. Be3 Nd4 12. Nxe5 Qd6 13. f4 Qc6 14. Nxc6 Nxc6 15. Bxc5 Rfe8 16. a4 Re7 17. axb5 Rd7 18. bxc6 Rdd8 19. Bxa7 Re8 20. Bd4 Re7 21. Rxa8+ Re8 22. Rxe8+ Kf7 23. Rc8 Kg6 24. Rxc7 Kh6 25. g4 g6 26. h4 g5 27. fxg5+ Kg6 28. gxf6 h5 29. gxh5+ Kh6 30. Be3# 1-0

[Event "Live Chess"]
[Site "Chess.com"]
[Date "2023.05.20"]
[Round "-"]
[White "JoshMcK"]
[Black "thrithik"]
[Result "1-0"]
[WhiteElo "1553"]
[BlackElo "459"]
[TimeControl "300"]
[EndTime "12:03:33 PDT"]
[Termination "JoshMcK won by checkmate"]

1. e4 c5 2. c3 d5 3. exd5 e6 4. d4 exd5 5. dxc5 Qe7+ 6. Qe2 Qxe2+ 7. Bxe2 Bxc5 8. Nf3 Bf5 9. O-O Be4 10. Re1 Bxf3 11. Bb5+ Kf8 12. Re8# 1-0

[Event "Live Chess"]
[Site "Chess.com"]
[Date "2023.05.20"]
[Round "-"]
[White "ElectricFalcon"]
[Black "jennybobby44"]
[Result "0-1"]
[WhiteElo "1065"]
[BlackElo "1892"]
[TimeControl "300"]
[EndTime "12:03:40 PDT"]
[Termination "jennybobby44 won by resignation"]

1. d4 Nf6 2. c4 e6 3. Nf3 c5 4. d5 d6 5. Nc3 e5 6. e4 g6 7. Be2 Bg7 8. O-O O-O 9. Bg5 h6 10.
Bxf6 Qxf6 11. b3 a6 12. a3 Nd7 13. b4 b6 14. bxc5 bxc5 15. a4 Qe7 16. a5 f5 17.
Qc2 f4 18. Na4 g5 19. Nb6 Nxb6 20. axb6 Rb8 21. Rab1 g4 22. Nd2 Qg5 23. Qa4 f3 24. gxf3 Qxd2 25. Bd1 gxf3 26. Qc6 Qg5+ 0-1

[Event "Live Chess"]
[Site "Chess.com"]
[Date "2023.05.20"]
[Round "-"]
[White "manthanit"]
[Black "ACx04"]
[Result "1-0"]
[WhiteElo "945"]
[BlackElo "429"]
[TimeControl "300"]
[EndTime "12:03:40 PDT"]
[Termination "manthanit won by checkmate"]

1. e4 e5 2. d4 exd4 3. Qxd4 Nc6 4. Qd1 Bc5 5. Nf3 d6 6. h3 Be6 7. Nc3 h6 8. a3 a6 9. Bd2 b5 10. Bd3 g5 11. Nd5 Bxd5 12. exd5 Nd4 13. Bc3 Nxf3+ 14. Qxf3 Qd7 15. Bxh8 Qe7+ 16. Be2 O-O-O 17. O-O Qe5 18. Bxe5 f6 19. Bc3 a5 20. Bxb5 c6 21. Bxc6 Kc7 22.
Bxa5+ Kc8 23. Qf5+ Kb8 24. Bxd8 Ka7 25. b4 Ka6 26. bxc5 dxc5 27. Qd3+ Ka7 28. Qb5 Ne7 29. Qb7# 1-0

[Event "Live Chess"]
[Site "Chess.com"]
[Date "2023.05.20"]
[Round "-"]
[White "Ferrarifan27"]
[Black "mikkyb4"]
[Result "1-0"]
[WhiteElo "2103"]
[BlackElo "1010"]
[TimeControl "300"]
[EndTime "12:03:41 PDT"]
[Termination "Ferrarifan27 won by resignation"]

1. e4 g6 2. d4 Bg7 3. Nf3 d6 4. Bd3 Nc6 5. Be3 e5 6. d5 Nce7 7. O-O Nf6 8. Qd2 O-O 9. h3 Nd7 10. Bh6 f5 11. Bxg7 Kxg7 12. Ng5 f4 13. Ne6+ Kh8 14. Nxd8 Rxd8 15. Nc3 Nc5 16. Nb5 Nxd3 17. cxd3 1-0

[Event "Live Chess"]
[Site "Chess.com"]
[Date "2023.05.20"]
[Round "-"]
[White "MarkLim1"]
[Black "diana21strabt"]
[Result "1-0"]
[WhiteElo "1654"]
[BlackElo "1678"]
[TimeControl "300"]
[EndTime "12:03:49 PDT"]
[Termination "MarkLim1 won by resignation"]

1. d4 Nf6 2. Nf3 g6 3. c4 Bg7 4. Nc3 O-O 5. e4 d6 6. Be2 Nbd7 7. O-O e5 8. d5 Nc5 9. Qc2 a5 10. Bg5 h6 11. Be3 b6 12. Nd2 Bd7 13. a3 a4 14. Nb5 Bxb5 15. cxb5 Nh7 16. b4 Nd7 17. Rac1 Ra7 18. Nc4 Ng5 19. Nb2 Nf6 20. f3 Nfh7 21. Ra1 f5 22. exf5 gxf5 23. Nxa4 f4 24. Bf2 Qf6 25. Nc3 Qf5 26. Qxf5 Rxf5 27. Ne4 Nxe4 28.
fxe4 Rg5 29. Bh4 Rg6 30. Bh5 Rf6 31. Bxf6 Nxf6 32. Bf3 h5 33. Rfc1 Kf7 34. Rc3 Ke7 35.
Rac1 Kd7 36. Kf2 Bh6 37. R1c2 Ng4+ 38. Bxg4+ hxg4 39. h3 g3+ 40. Kf3 Bg5 41. Rc1 Bd8 42. Ra1 Be7 43. a4 Ra8 44. a5 Bf6 45. Rca3 bxa5 46.
bxa5 Kc8 47. Rc3 Kb7 48. Rc6 Bd8 49. a6+ Kb8 50. b6 cxb6 51. Rxd6 Bc7 52. Re6 Ka7 53. d6 Bb8 54. Re7+ 1-0

[Event "Live Chess"]
[Site "Chess.com"]
[Date "2023.05.20"]
[Round "-"]
[White "LodeshChess"]
[Black "lightningorderyt"]
[Result "1-0"]
[WhiteElo "989"]
[BlackElo "527"]
[TimeControl "300"]
[EndTime "12:03:50 PDT"]
[Termination "LodeshChess won by checkmate"]

1. e4 c6 2. Nf3 d5 3. d3 Nf6 4.
Nc3 Bg4 5. exd5 cxd5 6. h3 Bh5 7.
Be2 Bxf3 8. Bxf3 e5 9. O-O Nc6 10. Bg5 d4 11. Ne4 Be7 12. c3 Nxe4 13. Bxe7 Qxe7 14. Bxe4 O-O 15. Qh5 g6 16. Qh6 f5 17.
Bd5+ Kh8 18. c4 Nb4 19. Rfd1 Nxd5 20. cxd5 Qb4 21. b3 Rfd8 22. Rac1 Rxd5 23. Rc7 Rg8 24. Qxh7# 1-0

[Event "Live Chess"]
[Site "Chess.com"]
[Date "2023.05.20"]
[Round "-"]
[White "domrobson"]
[Black "Vladyslav2008"]
[Result "1/2-1/2"]
[WhiteElo "1772"]
[BlackElo "2163"]
[TimeControl "300"]
[EndTime "12:03:56 PDT"]
[Termination "Game drawn by agreement"]

1. d4 Nf6 2. c4 e6 3. Nf3 d5 4. Nc3 c5 5. Bg5 Nc6 6. cxd5 exd5 7. e3 cxd4 8. Nxd4 Bb4 9. Bb5 Bd7 10. O-O Bxc3 11. bxc3 a6 12. Bd3 h6 13. Bxf6 Qxf6 14. Qb3 Qd6 15. Qxb7 O-O 16. Qb2 Ne5 17. Bf5 Nc4 18.
Qc2 Rab8 19. Rfb1 Na3 20. Rxb8 Nxc2 21. Rxf8+ Kxf8 22. Bxc2 Qc5 23. Bb3 Qxc3 24. Rd1 Bg4 25. Nf3 Bxf3 26. gxf3 Ke7 27. Rxd5 g6 28. Rd4 Qc6 29.
Re4+ Kf8 30. Kg2 g5 31. Rc4 Qb7 32. h3 Kg7 33. Re4 f5 34. Rc4 h5 35. Kg3 Kf6 36.
Ra4 Qc7+ 37. Kg2 Qc6 38. Rc4 Qb7 39. Ra4 g4 40. hxg4 hxg4 41. Rf4 Kg5 42. Kg3 gxf3 43. Rxf3 Qc7+ 44. Kg2 Kg4 45. Rf4+ Kg5 46. Kg3 Qc6 47. Kh2 Qh6+ 48. Kg2 Qc6+ 49. Kh2 a5 50. Kg1 Qc1+ 51. Kg2 Kf6 52. Kh2 Ke5 53. Kg2 Qc6+ 54. Kh2 Qc8 55. Kg2 Kd6 56. Kh2 Qh8+ 57. Kg2 Qg7+ 58. Kh2 Qe5 59. Kg2 Kc5 60. Kf1 Kb6 61. Kg2 Qg7+ 62. Kf1 Qe5 1/2-1/2

[Event "Live Chess"]
[Site "Chess.com"]
[Date "2023.05.20"]
[Round "-"]
[White "KeithArkell"]
[Black "CeladonFish"]
[Result "1-0"]
[WhiteElo "2610"]
[BlackElo "1060"]
[TimeControl "300"]
[EndTime "12:04:00 PDT"]
[Termination "KeithArkell won - game abandoned"]

1. d4 Nf6 2. Nf3 g6 3. c4 Bg7 4.
g3 O-O 5. Bg2 d6 6. O-O c6 7. Nc3 a6 8. a4 Bd7 9. Bf4 b5 10. axb5 cxb5 11. Nxb5 Bc6 12. Nc3 Bxf3 13. Bxf3 Nc6 14. Bxc6 1-0

[Event "Live Chess"]
[Site "Chess.com"]
[Date "2023.05.20"]
[Round "-"]
[White "TheSmoulderingMaster"]
[Black "OSmith06"]
[Result "1-0"]
[WhiteElo "1735"]
[BlackElo "1682"]
[TimeControl "300"]
[EndTime "12:04:05 PDT"]
[Termination "TheSmoulderingMaster won by checkmate"]

1. e4 c6 2. d4 d5 3. Nc3 dxe4 4. Nxe4 Bf5 5. Ng3 Bg6 6. Nh3 h6 7. Nf4 Bh7 8. Bc4 e6 9. Qh5 Nf6 10. Qe5 Bd6 11. Qe3 Bxf4 12. Qxf4 Bxc2 13. O-O O-O 14. Re1 Nd5 15. Qg4 Qf6 16. Nh5 Qg6 17. Qh4 Nd7 18. Be3 Nxe3 19. Rxe3 Nf6 20. Nf4 Qg5 21. Rh3 Qxh4 22. Rxh4 g5 23. Rxh6 Ng4 24. Rh5 gxf4 25. Rg5+ Bg6 26. Rxg4 b5 27. Bd3 Kg7 28. h4 f5 29. Rg5 Kf6 30. Re1 Rad8 31. g3 fxg3 32. Rxg3 Rxd4 33. Rge3 Bf7 34. Bc2 Rxh4 35. Bb3 Rg8+ 36.
Kf1 Rh1+ 37. Ke2 Bh5+ 38. Kd2 Rd8+ 39. Kc3 Rxe1 40. Rxe1 e5 41. Kb4 Rd4+ 42. Kc5 Be8 43.
Rh1 Kg7 44. Rg1+ Rg4 45. Re1 e4 46. Kd6 a5 47. Ke7 Bg6 48. Kd6 a4 49. Be6 Rg2 50. Re2 Bh5 51. Rc2 Rg6 52. Ke5 Bf3 53. Bxf5 Rg5 54. Kf4 Kh6 55. Rxc6+ Kh5 56. Rc7 e3 57.
Rh7# 1-0

[Event "Live Chess"]
[Site "Chess.com"]
[Date "2023.05.20"]
[Round "-"]
[White "MrDodgy"]
[Black "Ocelot32"]
[Result "1-0"]
[WhiteElo "2280"]
[BlackElo "1397"]
[TimeControl "300"]
[EndTime "12:04:10 PDT"]
[Termination "MrDodgy won by resignation"]

1. e4 e6 2. d4 d5 3. Nc3 dxe4 4. Nxe4 Nd7 5. Nf3 Ngf6 6. Ng3 Be7 7. Bd3 b6 8. Qe2 Bb7 9. Bd2 O-O 10. O-O-O c5 11.
h4 cxd4 12. Nxd4 Rc8 13. Kb1 Nc5 14. Bc3 Nxd3 15. Rxd3 Qc7 16. Nh5 Nd5 17. Qg4 Nxc3+ 18. Rxc3 Qe5 19. Nf3 f5 20. Nxe5 fxg4 21. Rxc8 Rxc8 22.
Nxg4 Be4 23. Ne3 Bc5 24. Ng3 Bxe3 25. Nxe4 Bh6 26. g4 Bf4 27. Rd1 Rc7 28. c3 Kf7 29. f3 h6 30. Rd8 Be3 31. Kc2 Re7 32. Nd6+ Kf6 33. Rf8+ Ke5 34. Nc4+ Kd5 35. Nxe3+ Kd6 36. Kd3 e5 37. Nf5+ 1-0

[Event "Live Chess"]
[Site "Chess.com"]
[Date "2023.05.20"]
[Round "-"]
[White "Pablo_dmp"]
[Black "gmnorfolk"]
[Result "1-0"]
[WhiteElo "1868"]
[BlackElo "2047"]
[TimeControl "300"]
[EndTime "12:04:17 PDT"]
[Termination "Pablo_dmp won by resignation"]

1. e4 e5 2. Nc3 f6 3. d4 exd4 4.
Qxd4 Nc6 5. Qd5 Nge7 6. Qh5+ g6 7. Qf3 Bg7 8. Bc4 Ne5 9. Qe2 Nxc4 10. Qxc4 c6 11. Nf3 d5 12. exd5 cxd5 13. Qd3 O-O 14.
O-O Bf5 15. Qb5 d4 16. Ne2 d3 17. Ng3 dxc2 18. Nxf5 Nxf5 19. Qc4+ Kh8 20. Qxc2 Rc8 21.
Qb3 b6 22. Bf4 Nd4 23. Nxd4 Qxd4 24. Be3 Qd7 25. Rfd1 Qb7 26. Qd5 Qxd5 27. Rxd5 Rf7 28. Rad1 h5 29. b3 Rc2 30. R5d2 Rfc7 31. Rxc2 Rxc2 32.
a4 Rb2 33. h4 Rxb3 34. Rd7 a5 35. Rb7 Rb4 36. Rxb6 Rxh4 37. f4 Rg4 38. Kf2 g5 39. fxg5 fxg5 40. Rb5 Rxa4 41. Rxg5 h4 42. Bb6 Ra2+ 43.
Kf3 a4 44. Rh5+ Kg8 45. Rxh4 a3 46. Rg4 Kf7 47. Bc5 Ra1 48. Rxg7+ Kxg7 49. Bd4+ Kg6 50. Bxa1 Kf5 51. g4+ Kg5 52. Kg3 a2 53. Kf3 Kg6 54. Kf4 Kh7 55. Kg5 Kg8 56. Kg6 Kf8 57.
g5 1-0

[Event "Live Chess"]
[Site "Chess.com"]
[Date "2023.05.20"]
[Round "-"]
[White "LanceMaster23"]
[Black "DerbyKnight"]
[Result "1-0"]
[WhiteElo "1856"]
[BlackElo "1631"]
[TimeControl "300"]
[EndTime "12:04:19 PDT"]
[Termination "LanceMaster23 won on time"]

1. Nf3 d5 2. d4 Nf6 3. Bf4 e6 4. e3 Bd6 5. Bg3 c5 6. c3 Qc7 7.
Nbd2 O-O 8. Be2 Nbd7 9. Qc2 e5 10.
dxe5 Nxe5 11. Nxe5 Bxe5 12. Nf3 Bd6 13. Rd1 Be6 14.
c4 d4 15. exd4 cxd4 16. Rxd4 Bxg3 17. hxg3 Rad8 18. Rdh4 h6 19. O-O Rfe8 20. b3 Bg4 21. c5 Qa5 22. Bc4 Bxf3 23. gxf3 Rd2 24. Qf5 Qc3 25. Rg4 Re7 26. Rf4 Qe5 27. Qc8+ Kh7 28.
Rf5 Qc3 29. c6 bxc6 30. Qxc6 Qb2 31. Qc5 Red7 32. Qe5 Qxe5 33. Rxe5 Rxa2 34. Rfe1 Rdd2 35. R1e2 Rxe2 36. Bxe2 Nd7 37. Re7 1-0

[Event "Live Chess"]
[Site "Chess.com"]
[Date "2023.05.20"]
[Round "-"]
[White "daniel9395"]
[Black "ReceptiveCamel"]
[Result "0-1"]
[WhiteElo "512"]
[BlackElo "640"]
[TimeControl "300"]
[EndTime "12:04:19 PDT"]
[Termination "ReceptiveCamel won on time"]

1. d4 Nc6 2. Nf3 Nf6 3. Nc3 d5 4. Ng5 Bf5 5. e4 dxe4 6. Bc4 h6 7. Nxf7 Qxd4 8. b3 Qxd1+ 9. Kxd1 Bg4+ 10. f3 exf3 11.
gxf3 Bxf3+ 12. Ke1 Bxh1 13. Nxh8 O-O-O 14. Nf7 Rd4 15. Be6+ Kb8 16. Nb5 Re4+ 17. Kf1 Rxe6 18. Bf4 a6 19. Nxc7 Re4 20. Bg3 Re3 21. Bf2 Rf3 22. Kg1 Rxf2 23. Kxf2 Kxc7 24. Rxh1 Ne4+ 25. Ke3 Nc3 26.
a3 e6 27. Rf1 Bxa3 28. Nh8 Nd5+ 29. Kd2 Bb4+ 30. Kd3 g5 31. Rf7+ Kd6 32. c4 Bc3 33. cxd5 Bxh8 34. dxc6 bxc6 35. Kc4 g4 36. Rf8 Bg7 37.
Rd8+ Ke5 0-1

[Event "Live Chess"]
[Site "Chess.com"]
[Date "2023.05.20"]
[Round "-"]
[White "boilerboy1"]
[Black "Driftboard"]
[Result "1-0"]
[WhiteElo "1058"]
[BlackElo "711"]
[TimeControl "300"]
[EndTime "12:04:27 PDT"]
[Termination "boilerboy1 won by checkmate"]

1. e4 e5 2. Nc3 Nc6 3. Nf3 Nf6 4. d3 Bb4 5. Be2 O-O 6. Bg5 h6 7. Bh4 Bxc3+ 8. bxc3 d6 9. O-O Bg4 10. Re1 Bxf3 11. Bxf3 a6 12. a4 b5 13. axb5 axb5 14.
Rxa8 Qxa8 15. Qd2 Qd8 16. d4 exd4 17. cxd4 d5 18. e5 Ne4 19. Bxd8 Nxd2 20. Bxc7 Nxf3+ 21. gxf3 Nxd4 22. Kg2 Nxc2 23. Re2 Nd4 24. Re3 Ne6 25. Bd6 Rd8 26. Rb3 Nf4+ 27. Kg3 Ne2+ 28. Kg4 f6 29.
Rxb5 fxe5 30. Bxe5 Nc1 31. Rb7 Kf8 32. Bxg7+ Ke8 33.
Bd4 Ne2 34. Bg7 Rd7 35. Rb8+ Kf7 36. Bxh6 Kg6 37. Be3 Nc3 38. Rb6+ Kf7 39. Bd4 Na4 40.
Rf6+ Ke7 41. Rf4 Rb7 42. h4 Rb4 43. Bf6+ Kf7 44. Rxb4 Kxf6 45. Rxa4 Kg6 46. Rd4 Kf7 47. Rxd5 Kg7 48. Rg5+ Kf6 49. f4 Ke6 50. h5 Kd6 51.
h6 Kc6 52. h7 Kd6 53. h8=Q Kc6 54. Qf6+ Kd7 55. Rg7+ Kc8 56. Qf8# 1-0

[Event "Live Chess"]
[Site "Chess.com"]
[Date "2023.05.20"]
[Round "-"]
[White "Man-Del-Brot"]
[Black "BostonStrangler"]
[Result "0-1"]
[WhiteElo "1175"]
[BlackElo "2049"]
[TimeControl "300"]
[EndTime "12:04:27 PDT"]
[Termination "BostonStrangler won by checkmate"]

1. d4 Nf6 2. Nf3 c5 3. c3 g6 4. Bf4 Bg7 5. e3 O-O 6. h3 Nc6 7. Be2 d6 8. O-O b6 9. d5 Nb8 10. c4 b5 11. Nc3 b4 12. Nb1 a5 13. Nbd2 a4 14. a3 b3 15. Bd3 Nh5 16. Bh2 Bxb2 17.
Rb1 Bxa3 18. Ra1 Bb2 19. Rb1 Bg7 20. e4 Nd7 21. Re1 Ne5 22. Nxe5 Bxe5 23. Nf3 Bxh2+ 24. Kxh2 Nf4 25. Ng1 Ba6 26. g3 Nxd3 27. Qxd3 Qa5 28. Ne2 Qb4 29. Nc3 Bxc4 30. Qe3 a3 31. Nd1 a2 32. Rxb3 Bxb3 33. Nb2 a1=Q 34. Rxa1 Rxa1 35. Nd3 Qd4 36. Qxd4 cxd4 37. Nb4 Bc4 38. Nc6 e5 39. dxe6 fxe6 40. Nxd4 Rxf2# 0-1

[Event "Live Chess"]
[Site "Chess.com"]
[Date "2023.05.20"]
[Round "-"]
[White "zdanevych"]
[Black "AbilifyXL"]
[Result "0-1"]
[WhiteElo "1502"]
[BlackElo "1952"]
[TimeControl "300"]
[EndTime "12:04:28 PDT"]
[Termination "AbilifyXL won by resignation"]

1. d4 d5 2. c4 c6 3. Nc3 Nf6 4. Nf3 a6 5. h3 b5 6. cxd5 cxd5 7.
a3 Bf5 8. Bf4 e6 9. e3 Bd6 10.
Bxd6 Qxd6 11. Bd3 Bg6 12. Bxg6 hxg6 13. O-O O-O 14. Rc1 Nc6 15. Ne2 Na5 16. b4 Nc4 17.
Nd2 Nxa3 18. Rc5 Nd7 19. Rc3 Qxb4 20. Rc7 Nf6 21. Qc1 Nc4 22. Nxc4 dxc4 23. Rd1 Ne4 24. Nf4 Qd6 25. Rc5 Nxc5 26. dxc5 Qxc5 27. Nd3 Qb6 28. Ne5 Rfd8 29. Rd7 Rxd7 30. Nxd7 Qd6 0-1

[Event "Live Chess"]
[Site "Chess.com"]
[Date "2023.05.20"]
[Round "-"]
[White "Horseymobile"]
[Black "BritishIsles"]
[Result "0-1"]
[WhiteElo "1193"]
[BlackElo "2413"]
[TimeControl "300"]
[EndTime "12:04:33 PDT"]
[Termination "BritishIsles won by checkmate"]

1. d4 Nf6 2. c4 e6 3. Nc3 Bb4 4.
Qc2 O-O 5. Nf3 b6 6. Bg5 h6 7. Bh4 Bb7 8. e3 d5 9. Be2 Be7 10. O-O c5 11. Rad1 Nbd7 12. Ne5 cxd4 13. exd4 Rc8 14. f4 dxc4 15. Bxc4 Nd5 16. Bxe7 Qxe7 17. Bb5 N7f6 18. Qd3 Rfd8 19. f5 exf5 20. Qxf5 Ne3 21. Qf4 Nxd1 22. Rxd1 Qb4 23. Bd3 Qxb2 24. Qf5 Qxg2# 0-1

[Event "Live Chess"]
[Site "Chess.com"]
[Date "2023.05.20"]
[Round "-"]
[White "whitedjohn"]
[Black "Duke_of_Bebington"]
[Result "0-1"]
[WhiteElo "1662"]
[BlackElo "1574"]
[TimeControl "300"]
[EndTime "12:04:40 PDT"]
[Termination "Duke_of_Bebington won by resignation"]

1. e4 e5 2. Nf3 Nf6 3. Nxe5 d6 4.
Nf3 Nxe4 5. d4 d5 6. Bd3 Bf5 7. O-O Bd6 8. Re1 O-O 9. c4 c6 10. cxd5 cxd5 11. Nc3 Nxc3 12. bxc3 Bxd3 13. Qxd3 Nc6 14.
Bg5 f6 15. Bh4 Re8 16. Rxe8+ Qxe8 17. Re1 Qf7 18. Qe3 Ne7 19. Qe6 Qxe6 20. Rxe6 Nf5 21.
g4 Nxh4 22. Nxh4 Rd8 23. Nf5 Ba3 24. Ne7+ Kf7 0-1

[Event "Live Chess"]
[Site "Chess.com"]
[Date "2023.05.20"]
[Round "-"]
[White "TDCMF"]
[Black "onemoretime1975"]
[Result "0-1"]
[WhiteElo "360"]
[BlackElo "1924"]
[TimeControl "300"]
[EndTime "12:04:49 PDT"]
[Termination "onemoretime1975 won by checkmate"]

1. e4 e6 2. e5 d5 3. d4 c5 4. Nf3 Nc6 5. c3 Bd7 6. Nbd2 Qb6 7. c4 Nxd4 8. Nxd4 cxd4 9. Qc2 Rc8 10. b3 Bb4 11. Rb1 Nh6 12. h3 Nf5 13. Bd3 O-O 14.
a3 Bxd2+ 15. Bxd2 g6 16. b4 dxc4 17. Bxc4 Bb5 18. Qb3 Bxc4 19. Qa4 Bb5 20. Qb3 Qa6 21. Qb2 Rc7 22. Rc1 Rfc8 23. Rxc7 Rxc7 24. g4 Nh4 25. Bg5 Nf3+ 26. Kd1 Nxg5 27. Kd2 Ne4+ 28. Ke1 Rc3 29. f3 Ng5 30. Rh2 Nxf3+ 31. Kd1 Ba4+ 32. Rc2 Qf1# 0-1

[Event "Live Chess"]
[Site "Chess.com"]
[Date "2023.05.20"]
[Round "-"]
[White "hturner40"]
[Black "OceanFloater"]
[Result "1-0"]
[WhiteElo "1799"]
[BlackElo "979"]
[TimeControl "300"]
[EndTime "12:04:51 PDT"]
[Termination "hturner40 won by resignation"]

1. Nf3 c6 2. Nc3 d5 3. e4 Bg4 4. h3 Bh5 5. g4 Bg6 6. d3 d4 7. Ne2 e5 8. Nxe5 Bc5 9. h4 h6 10. Nxg6 fxg6 11. f4 Nf6 12. Ng3 h5 13. Be2 Nbd7 14.
gxh5 gxh5 15. Nxh5 Nxh5 16. Bxh5+ Kf8 17. e5 Rg8 18. Bg6 Qe7 19. Qh5 Qe6 20. Be4 g6 21. Qh6+ Rg7 22. Rg1 Qh3 23. Qg5 Be7 24. Qg4 Bxh4+ 25.
Kd1 Qh2 26. Qg2 Qxg2 27. Rxg2 Kf7 28. Bd2 Rh8 29. Ke2 Be7 30. Rag1 Nf8 31. f5 Rh6 32.
Bxh6 1-0

[Event "Live Chess"]
[Site "Chess.com"]
[Date "2023.05.20"]
[Round "-"]
[White "booktrunk"]
[Black "Richardallis"]
[Result "0-1"]
[WhiteElo "1330"]
[BlackElo "1742"]
[TimeControl "300"]
[EndTime "12:05:00 PDT"]
[Termination "Richardallis won by checkmate"]

1. d4 c5 2. dxc5 Nc6 3. Be3 e5 4. g3 f5 5. Bg2 Nf6 6. Nc3 Qa5 7. Qd2 Bxc5 8. Bxc5 Qxc5 9. Nf3 d6 10. Rb1 a5 11.
a3 a4 12. O-O O-O 13. e3 e4 14. Ne1 b6 15. h3 Ba6 16. Ne2 Qc4 17. Nf4 Rad8 18.
b3 Qf7 19. bxa4 Bxf1 20. Bxf1 Qc7 21. Bb5 Ne5 22. Ne6 Qe7 23. Nxf8 Kxf8 24. Kg2 Qc7 25. Be2 Ra8 26. Rb4 d5 27. Bb5 Qc5 28. f3 exf3+ 29.
Nxf3 Ne4 30. Qe2 Nxf3 31. Kxf3 Qc7 32. Qd3 Qxg3+ 33. Ke2 Qg2+ 34. Kd1 Nf2+ 35. Ke2 Nxd3+ 36. Kxd3 Rc8 37. Kd4 Qd2+ 38. Ke5 Qxe3+ 39. Kxd5 Rc5+ 40. Kd6 Qe5+ 41. Kd7 Rc7+ 42. Kd8 Qe7# 0-1

[Event "Live Chess"]
[Site "Chess.com"]
[Date "2023.05.20"]
[Round "-"]
[White "OleksiyJr1"]
[Black "ProfPoisson"]
[Result "0-1"]
[WhiteElo "933"]
[BlackElo "1066"]
[TimeControl "300"]
[EndTime "12:05:02 PDT"]
[Termination "ProfPoisson won by checkmate"]

1. e4 e5 2. Nf3 Nf6 3. Bc4 Nxe4 4.
Nc3 Nxc3 5. dxc3 f6 6. Nxe5 Qe7 7. Qh5+ g6 8. Qe2 Qxe5 9. Qxe5+ fxe5 10. Bg5 Be7 11.
Bxe7 Kxe7 12. O-O-O Nc6 13. Rhe1 d6 14. Bb5 a6 15.
Bc4 b5 16. Bd5 Bd7 17. f4 Raf8 18. Bxc6 Bxc6 19. fxe5 Kd7 20. e6+ Ke7 21. g3 Rf2 22. Rd2 Rxd2 23. Kxd2 Rf8 24. Ke3 Rf3+ 25. Kd4 Rf2 26. Kd3 Rxh2 27. b3 Rh3 28. Re3 h5 29. c4 bxc4+ 30. Kxc4 Bb5+ 31. Kb4 c5+ 32. Ka5 h4 33. c4 Rxg3 34. Re4 g5 35. cxb5 axb5 36. Kxb5 h3 37. a4 h2 38. Re1 Rg1 39. Rxg1 hxg1=Q 40. a5 Qd4 41. a6 Qb4+ 42. Kc6 Kxe6 43.
a7 Qa5 44. Kb7 Qxa7+ 45. Kxa7 g4 46. Kb6 g3 47. Kc6 g2 48. b4 g1=Q 49. bxc5 Qxc5+ 50. Kb7 d5 51. Kb8 d4 52. Ka8 Qb4 53. Ka7 d3 54. Ka6 d2 55. Ka7 d1=R 56. Ka8 Ra1# 0-1

[Event "Live Chess"]
[Site "Chess.com"]
[Date "2023.05.20"]
[Round "-"]
[White "raminguy"]
[Black "ClassyChameleon"]
[Result "1-0"]
[WhiteElo "1997"]
[BlackElo "1057"]
[TimeControl "300"]
[EndTime "12:05:05 PDT"]
[Termination "raminguy won by resignation"]

1. d4 d5 2. Nc3 Nc6 3. e4 dxe4 4.
d5 Ne5 5. Bf4 Bg4 6. Qd4 f6 7.
Bxe5 fxe5 8. Qxe4 Nf6 9. Qxe5 c5 10. Bb5+ Kf7 11. h3 Bh5 12. Bc4 g6 13. g4 Nxg4 14. hxg4 Bxg4 15. d6+ e6 16. f3 Bxd6 17. Qe3 Bf5 18.
O-O-O Qf6 19. Rxd6 Rad8 20. Rxd8 Rxd8 21. Nge2 a6 22. Rxh7+ Kg8 23. Rh1 b5 24. Bd3 Bxd3 25.
cxd3 Kg7 26. Ne4 Qe5 27. Qh6+ Kf7 28. Qh7+ Ke8 29. Qxg6+ Kd7 30. Rh7+ Kc8 31. Qf7 Rxd3 32. Qb7+ Kd8 33. Qa8+ 1-0

[Event "Live Chess"]
[Site "Chess.com"]
[Date "2023.05.20"]
[Round "-"]
[White "rideuv21"]
[Black "AttackingSnowLeopard"]
[Result "1/2-1/2"]
[WhiteElo "1839"]
[BlackElo "2042"]
[TimeControl "300"]
[EndTime "12:05:09 PDT"]
[Termination "Game drawn - insufficient material"]

1. e4 e5 2. d4 exd4 3. Nf3 Nc6 4. Bc4 Nf6 5. e5 d5 6. Bb5 Nd7 7. O-O Be7 8. Bxc6 bxc6 9. Nxd4 Nb8 10. f4 c5 11. Nf3 Bf5 12. Nc3 d4 13. Ne2 O-O 14.
h3 Nc6 15. g4 Be4 16. Ng3 Qd5 17. Nxe4 Qxe4 18. Qe1 Qxe1 19. Rxe1 Nb4 20. Re2 Rfd8 21. Bd2 Nxc2 22. Rc1 d3 23. Rg2 c4 24. Ne1 Bc5+ 25. Kh1 Nxe1 26. Bxe1 Be3 27. Bd2 Bxd2 28. Rxd2 Rd4 29.
f5 Kf8 30. b3 cxb3 31. axb3 Re8 32. Rxc7 Rxe5 33. Rxa7 Rb5 34. Ra3 Rbb4 35. Kg2 g6 36. fxg6 hxg6 37. Kf3 f5 38. gxf5 gxf5 39. Ke3 f4+ 40.
Kf3 Kf7 41. Ra7+ Kf6 42. Ra6+ Ke7 43. Ra7+ Kd6 44. Ra6+ Kc5 45. Rf6 Rxb3 46. Rxf4 Rxf4+ 47. Kxf4 Kd4 48. h4 Rb5 49. Kg4 Ke3 50. Rh2 d2 51. Rh1 Ke2 52. h5 d1=Q 53. Rxd1 Kxd1 54. h6 Ke2 55. h7 Rb8 56. Kg5 Kf3 57. Kg6 Kg4 58. Kg7 Kg5 59. h8=Q Rb7+ 60. Kg8 Rb8+ 61. Kg7 Rxh8 62.
Kxh8 1/2-1/2

[Event "Live Chess"]
[Site "Chess.com"]
[Date "2023.05.20"]
[Round "-"]
[White "luckywookie"]
[Black "LaupMiths"]
[Result "0-1"]
[WhiteElo "744"]
[BlackElo "1822"]
[TimeControl "300"]
[EndTime "12:05:13 PDT"]
[Termination "LaupMiths won on time"]

1. e4 c5 2. c3 Nf6 3. e5 Nd5 4. Nf3 d6 5. exd6 e6 6. g3 Bxd6 7. Bg2 O-O 8. O-O c4 9. d4 cxd3 10. Qxd3 Nc6 11. Be3 Nxe3 12. Qxe3 e5 13. Rd1 Qf6 14.
Nbd2 Bc7 15. Ne4 Qg6 16. Nh4 Qh5 17. Bf3 Bg4 18. Rd7 Bxf3 19. Qxf3 Qxf3 20. Nxf3 Bb6 21.
Rxb7 Rad8 22. Nfd2 Na5 23. Rc7 Bxc7 24. b4 Nb7 25. c4 h6 26. c5 f5 27. Nd6 Nxd6 28. cxd6 Rxd6 29. Nc4 Rd4 30. Rc1 Rfd8 31. Ne3 Bb6 32.
a3 f4 33. Nf5 Rd1+ 34. Rxd1 Rxd1+ 35. Kg2 g5 36. gxf4 exf4 37. Kf3 Rd3+ 38. Kg4 Rxa3 39. Nxh6+ Kg7 40. Nf5+ Kf6 41. Nd6 Bxf2 42. Ne4+ Kg6 43. Nxf2 Rb3 44. Ne4 Rxb4 45. Nxg5 a5 46. Ne6 a4 47. Nc5 a3 48. Nd3 Rd4 49. Ne5+ Kg7 50. Nf3 Rb4 51. Nd2 a2 52. Nf3 a1=Q 0-1